 Dungeon Crawl Stone Soup version 0.25.0-1-g7eea58d2a3 (webtiles) character file.

Game seed: 7119428001046262156

6127 Dirian the Carver (level 10, -10/77 HPs)
             Began as a Minotaur Fighter on June 13, 2020.
             Was a High Priest of Okawaru.
             Killed by divine providence
             ... invoked by an orc priest
              (11 damage)
             ... on level 10 of the Dungeon.
             The game lasted 00:14:06 (10088 turns).

Dirian the Carver (Minotaur Fighter)               Turns: 10088, Time: 00:14:07

Health: -10/77     AC: 17    Str: 25    XL:     10   Next: 59%
Magic:  11/13      EV: 10    Int: 11    God:    Okawaru [*****.]
Gold:   152        SH: 14    Dex:  9    Spells: 9/9 levels left

rFire    . . .     SeeInvis .   a - +1 long sword
rCold    . . .     Gourm    .   c - +1 kite shield
rNeg     . . .     Faith    .   m - +0 chain mail
rPois    .         Spirit   .   (helmet restricted)
rElec    .         Reflect  .   k - +1 cloak
rCorr    .         Harm     .   x - +0 pair of gloves
MR       .....                  (no boots)
Stlth    ..........             (no amulet)
HPRegen  0.22/turn              s - +6 ring of intelligence
MPRegen  0.13/turn              (no ring)

@: heroism
A: retaliatory headbutt, horns 2, frail 1
a: Heroism, Finesse, Renounce Religion


You were on level 10 of the Dungeon.
You worshipped Okawaru.
Okawaru was extremely pleased with you.
You were not hungry.

You visited 2 branches of the dungeon, and saw 11 of its levels.

You collected 526 gold pieces.
You spent 374 gold pieces at shops.

Inventory:

Hand Weapons
 a - a +1 long sword (weapon)
Armour
 c - a +1 kite shield (worn)
 i - a +0 plate armour
 k - a +1 cloak (worn)
 m - a +0 chain mail (worn)
 x - a +0 pair of gloves (worn)
 y - a +0 tower shield
Jewellery
 s - a +6 ring of intelligence (left hand)
Wands
 b - a wand of iceblast (4)
 j - a wand of polymorph (5)
 v - a wand of random effects (11)
Scrolls
 l - a scroll of enchant weapon
 t - 3 scrolls of teleportation
Potions
 d - a potion of might
 f - a potion of magic
 g - a potion of cancellation
 h - a potion of haste
 n - a potion of brilliance {unknown}
 o - a potion of ambrosia {unknown}
 p - 2 potions of lignification
 q - 4 potions of curing
 u - a potion of berserk rage
 w - 3 potions of heal wounds
Comestibles
 e - 23 rations
 r - 2 chunks of flesh


   Skills:
 + Level 7.1(12.1) Fighting
 * Level 13.1(18.1) Long Blades
 + Level 8.5(13.5) Armour
 + Level 7.9(12.9) Shields
 * Level 5.4 Invocations


You had 9 spell levels left.
You didn't know any spells.
Your spell library contained the following spells:

 Spells                   Type           Power        Failure   Level  Hunger
 Animate Skeleton         Necr           N/A          89%         1    ##.....
 Pain                     Necr           #...         89%         1    ##.....
 Summon Small Mammal      Summ           #...         89%         1    ##.....
 Call Imp                 Summ           #.......     96%         2    ###....
 Call Canine Familiar     Summ           #.......     99%         3    ####...
 Summon Guardian Golem    Hex/Summ       #.......     99%         3    ####...
 Vampiric Draining        Necr           #.........   99%         3    ####...
 Animate Dead             Necr           N/A          100%        4    #####..
 Summon Ice Beast         Ice/Summ       #.......     100%        4    #####..
 Summon Lightning Spire   Summ/Air       #.......     100%        4    #####..
 Agony                    Necr           #.......     100%        5    ######.


Dungeon Overview and Level Annotations

Branches:
Dungeon (10/15)            Temple (1/1) D:4            Lair (0/6) D:8
    Orc: D:9-12

Altars:
Ashenzari
Cheibriados
Dithmenos
Elyvilon
Fedhas
Gozag
Hepliaklqana
Kikubaaqudgha
Makhleb
Nemelex Xobeh
Okawaru
Qazlal
Ru
Sif Muna
Trog
Uskayaw
Vehumet
Wu Jian
Xom
Yredelemnul
Zin
The Shining One

Shops:
D:5 !   D:7 *   D:8 [!(


Innate Abilities, Weirdness & Mutations

You reflexively headbutt those who attack you in melee.
You have a pair of horns on your head.
You are frail. (-10% HP)


Message History

You easily resist.
You slash the orc wizard!
You kill the orc wizard!
Okawaru accepts your kill. The orc wizard casts a spell at you.
The magic dart hits you but does no damage.
You gain the combat prowess of a mighty hero.
The orc wizard hits you but does no damage.
You slash the orc wizard!
The orc wizard is almost dead.
The orc priest mumbles some strange prayers to Beogh against you.
Beogh smites you!
* * * LOW HITPOINT WARNING * * *
You block the orc wizard's attack.
You slash the orc wizard!
You kill the orc wizard!
Okawaru accepts your kill.
The orc priest invokes the aid of Beogh against you.
Beogh smites you!
You die...

.........########
############..########
......................
................<.....
......................
..........###########.
..........#
..........#########
.........o)@.......
....########...####
#... ...# #.. ...#
...# ...# ..$. #....


You could see an orc priest.

Vanquished Creatures
  A gargoyle (D:6)
  A troll (D:9)
  A hippogriff (D:7)
  Sigmund (D:4)
  A wyvern (D:9)
  9 yaks (D:9)
  A spriggan (D:7)
  A water moccasin (D:6)
  4 orc warriors
  2 porcupines (D:8)
  A black bear (D:8)
  2 ice beasts
  4 sky beasts
  A necrophage (D:8)
  A phantom (D:2)
  4 ogres
  A centaur (D:6)
  A crocodile (D:9)
  A big kobold (D:9)
  4 bullfrogs
  4 scorpions
  A crimson imp (D:9)
  2 bullfrog zombies (D:6)
  2 jellies
  2 bullfrog skeletons
  2 orc priests
  7 hounds
  2 iguanas
  7 orc wizards
  5 worker ants
  2 killer bee zombies (D:7)
  3 hound zombies
  3 hound skeletons
  4 gnolls (D:9)
  6 adders
  An adder skeleton (D:9)
  3 worms
  2 dart slugs (D:1)
  2 leopard geckos
  24 orcs
  2 ball pythons
  4 giant cockroaches
  14 goblins
  9 hobgoblins
  13 jackals
  10 kobolds
  3 quokkas
  7 bats
  5 frilled lizards
  A leopard gecko zombie (D:5)
  2 quokka skeletons
  A quokka zombie (D:6)
  5 rats
202 creatures vanquished.

Vanquished Creatures (others)
  A fungus (D:8)
1 creature vanquished.

Grand Total: 203 creatures vanquished

Notes
Turn   | Place    | Note
-------+----------+-------------------------------------------
     0 | D:1      | Dirian the Minotaur Fighter began the quest for the Orb.
     0 | D:1      | Reached XP level 1. HP: 19/19 MP: 0/0
   119 | D:1      | Reached XP level 2. HP: 16/27 MP: 1/1
   410 | D:1      | Reached skill level 3 in Long Blades
   616 | D:1      | Reached XP level 3. HP: 33/33 MP: 2/2
   981 | D:2      | Noticed a phantom
  1284 | D:2      | Killed a phantom
  1284 | D:2      | Reached skill level 4 in Long Blades
  1284 | D:2      | Reached XP level 4. HP: 16/40 MP: 3/3
  1542 | D:2      | Reached XP level 5. HP: 46/46 MP: 4/4
  1816 | D:2      | Reached skill level 5 in Long Blades
  2381 | D:3      | Found a sparkling altar of Nemelex Xobeh.
  2840 | D:4      | Noticed Sigmund
  2869 | D:4      | Killed Sigmund
  2869 | D:4      | Reached skill level 6 in Long Blades
  2869 | D:4      | Reached skill level 5 in Armour
  2869 | D:4      | Reached XP level 6. HP: 9/53 MP: 5/5
  3146 | D:4      | Reached skill level 5 in Shields
  3218 | D:4      | You fall into a shaft and drop 1 floor!
  3218 | D:5      | Entered Level 5 of the Dungeon
  3334 | D:4      | Found a staircase to the Ecumenical Temple.
  3378 | Temple   | Entered the Ecumenical Temple
  3599 | Temple   | Became a worshipper of Warmaster Okawaru
  3786 | D:4      | Reached XP level 7. HP: 48/60 MP: 6/6
  3790 | D:4      | Reached skill level 7 in Long Blades
  4202 | D:5      | Found Douwnag's Distillery.
  4207 | D:5      | Bought a potion of heal wounds for 70 gold pieces
  4294 | D:5      | Reached skill level 1 in Invocations
  4625 | D:5      | Reached * piety under Okawaru
  4625 | D:5      | Reached skill level 8 in Long Blades
  4846 | D:5      | Reached skill level 5 in Fighting
  4846 | D:5      | Reached XP level 8. HP: 68/68 MP: 8/8
  4926 | D:5      | Got a steaming spear
  5249 | D:6      | Noticed a gargoyle
  5255 | D:6      | Reached skill level 9 in Long Blades
  5543 | D:6      | Killed a gargoyle
  5543 | D:6      | Reached ** piety under Okawaru
  5801 | D:6      | Reached skill level 10 in Long Blades
  5821 | D:6      | Reached XP level 9. HP: 69/74 MP: 10/10
  6033 | D:6      | Got a faintly glowing hand axe
  6804 | D:7      | Found Gozag's Platinum Reserve.
  6804 | D:7      | Found an opulent altar of Gozag.
  6891 | D:7      | Found a sacrificial altar of Ru.
  6915 | D:7      | Found a shimmering altar of Xom.
  7009 | D:7      | Reached skill level 11 in Long Blades
  7066 | D:7      | Identified the cursed +0 spear of Autumn {freeze, rPois
                  | rF+} (You found it on level 5 of the Dungeon)
  7070 | D:7      | Identified the +7 hand axe of Patience {pain, *Contam rPois
                  | rN+ Dex+4} (You found it on level 6 of the Dungeon)
  7084 | D:7      | Gained mutation: You are frail. (-10% HP) [mutagenic glow]
  7108 | D:8      | Found Hezulo's Antique Weapon Shoppe.
  7138 | D:8      | Reached *** piety under Okawaru
  8196 | D:8      | Found Aroini's Distillery.
  8199 | D:8      | Bought a potion of heal wounds for 80 gold pieces
  8199 | D:8      | Bought a potion of haste for 160 gold pieces
  8199 | D:8      | Bought a potion of might for 64 gold pieces
  8203 | D:8      | Found Iluqa's Armour Shop.
  8333 | D:8      | Found a staircase to the Lair.
  8492 | D:9      | Reached **** piety under Okawaru
  8492 | D:9      | Reached skill level 12 in Long Blades
  8504 | D:9      | Reached XP level 10. HP: 31/75 MP: 12/12
  9255 | D:9      | Found a radiant altar of Vehumet.
  9364 | D:9      | Reached skill level 5 in Invocations
  9378 | D:9      | Reached ***** piety under Okawaru
  9668 | D:9      | Reached skill level 13 in Long Blades
 10017 | D:10     | Entered Level 10 of the Dungeon
 10087 | D:10     | HP: 1/77 [orc priest/divine providence (10)]
 10088 | D:10     | Killed from afar by an orc priest

Illustrated notes

Levels and vault maps discovered:
D:1:      arrival_zaba_pyramid, layout_rooms, serial_rivers,
          chequers_serial_rivers_micro_c, chequers_serial_rivers_large_b,
          chequers_serial_rivers_room_a, chequers_serial_rivers_micro_d,
          chequers_serial_rivers_small_3, patterned_corridor
D:2:      layout_basic, first_ration
D:3:      layout_rooms, nicolae_overflow_hidden_temple
D:4:      layout_loops_cross, minmay_temple_entry_statues_fountains,
          uniq_sigmund
D:5:      layout_loops_ring, serial_shops, shop
D:6:      layout_basic
D:7:      layout_cave_pools, kennysheep_mini, nicolae_gozag_zags_fifth_avenue,
          the_bakery, nicolae_ru_awakened_eye
D:8:      layout_basic, grunt_lair_entry_orc_guard_hut, serial_shops, shop,
          kennysheep_mini_moat, shop, minivault_19
D:9:      layout_roguey, marbit_many_paths, hangedman_decor_lopped,
          kennysheep_generic_room_11
D:10:     layout_long_grid, minmay_orc_entry_guard_dogs,
          david_defended_altar_elf
Temple:   dpeg_five_rooms_temple

Skill      XL: |  1  2  3  4  5  6  7  8  9 10 |
---------------+-------------------------------+-----
Fighting       | 4 5 6 7 |  7.1
Long Blades    | 3 4 6 8 10 12 13 | 13.1
Armour         | 4 5 6 7 8 |  8.5
Shields        | 4 5 6 7 |  7.9
Invocations    | 1 3 4 5 |  5.4

Action                   |  1- 3 |  4- 6 |  7- 9 | 10-12 || total
-------------------------+-------+-------+-------+-------++-------
Melee: Long sword        |   100 |   150 |   344 |   156 ||   750
       Headbutt          |    12 |    26 |    71 |    30 ||   139
Invok: Heroism           |       |       |     2 |     1 ||     3
  Use: Potion            |     1 |     1 |       |       ||     2
       Scroll            |       |       |    18 |       ||    18
  Eat: Ration            |       |     1 |     1 |       ||     2
       Chunk             |       |     6 |    11 |     6 ||    23
Armor: Scale mail        |    47 |    78 |       |       ||   125
       Chain mail        |       |       |   116 |    46 ||   162
Dodge: Dodged            |    30 |    34 |    49 |    37 ||   150
Block: Kite shield       |    48 |    82 |   133 |    81 ||   344
       Rpst.: Long sword |     5 |    13 |    13 |    13 ||    44
